 Dungeon Crawl Stone Soup version 0.20-a0-839-gdaf5c57 (webtiles) character file.

368 Dfrag the Firebug (level 6, 0/49 HPs)
             Began as a Naga Fire Elementalist on Mar 9, 2017.
             Slain by Pikel
             ... wielding a +0 whip of electrocution
              (13 damage)
             ... on level 5 of the Dungeon.
             The game lasted 00:04:29 (2182 turns).

Dfrag the Firebug (Naga Fire Elementalist)          Turns: 2182, Time: 00:04:29

Health: 0/49       AC:  5    Str: 10    XL:     6   Next: 69%
Magic:  8/12       EV: 10    Int: 17    God:
Gold:   216        SH:  0    Dex: 12    Spells: 5/13 levels left

rFire    . . .     SeeInvis +   r - +2 dagger (drain)
rCold    . . .     Gourm    .   a - +0 robe
rNeg     . . .     Faith    .   (no shield)
rPois    +         Spirit   .   (no helmet)
rElec    .         Reflect  .   o - +0 cloak
rCorr    .         Harm     .   n - +0 pair of gloves
MR       .....                  (no barding)
Stlth    ++........             (no amulet)
Regen    0.2/turn               (no ring)
MPRegen  0.2/turn               t - ring of poison resistance

@: very slow
A: see invisible, deformed body, poison resistance, slowness 2, slow metabolism
1, spit poison 1, AC +2
a: Spit Poison


You were on level 5 of the Dungeon.
You were not hungry.

You visited 1 branch of the dungeon, and saw 5 of its levels.

You collected 216 gold pieces.

Inventory:

Hand Weapons
 r - a +2 dagger of draining (weapon)
Armour
 a - a +0 robe (worn)
 n - a +0 pair of gloves (worn)
 o - a +0 cloak (worn)
Jewellery
 t - a ring of poison resistance (left hand)
Scrolls
 d - a scroll of remove curse {unknown}
 e - 2 scrolls of identify {unknown}
 h - a scroll of immolation {unknown}
 j - 3 scrolls of recharging {unknown}
Potions
 f - a potion of invisibility {unknown}
 g - a potion of flight {unknown}
 i - a potion of mutation {unknown}
 k - a potion of degeneration {unknown}
 m - 2 potions of lignification {unknown}
 s - a potion of magic {unknown}
Books
 b - a book of Flames

   Spells                             Type                      Level
   a - Flame Tongue                   Conjuration/Fire             1
   b - Throw Flame                    Conjuration/Fire             2
   c - Conjure Flame                  Conjuration/Fire             3
   d - Inner Flame                    Hexes/Fire                   3
   e - Sticky Flame                   Conjuration/Fire             4
   f - Fireball                       Conjuration/Fire             5
Comestibles
 c - 3 bread rations
 l - 2 meat rations
 p - a fruit
 q - a royal jelly
 u - 3 chunks of flesh


   Skills:
 - Level 1.5 Dodging
 - Level 3.0 Stealth
 + Level 4.1 Spellcasting
 + Level 3.7 Conjurations
 + Level 4.7 Fire Magic


You had 5 spell levels left.
You knew the following spells:

 Your Spells              Type           Power        Failure   Level  Hunger
a - Flame Tongue          Conj/Fire      ###..        2%          1    None
b - Conjure Flame         Conj/Fire      ###.....     10%         3    ###....
c - Sticky Flame          Conj/Fire      ###.....     30%         4    ####...


Dungeon Overview and Level Annotations

Branches:
Dungeon (6/15)
 Temple: D:4-7

Altars:
Xom

Annotations:
D:5 Pikel


Innate Abilities, Weirdness & Mutations

You cannot wear boots.
Your serpentine skin is tough. (AC +2)
You have supernaturally acute eyesight. (SInv)
Armour fits poorly on your strangely shaped body.
Your system is resistant to poisons. (rPois)
You cover ground very slowly.
You have a slow metabolism.
You can spit poison.


Message History

Confirm with . or Enter, or press ? or * to list all spells.
Aiming: Flame Tongue
Press: ? - help, Shift-Dir - straight line, f - Pikel
Aim: Pikel, wielding a whip of electrocution and wearing a robe (lightly wounded, lightly drained)
Okay, then.
Unknown command.
Casting: Flame Tongue
Confirm with . or Enter, or press ? or * to list all spells.
Aiming: Sticky Flame
Press: ? - help, Shift-Dir - straight line, f - Pikel
Aim: Pikel, wielding a whip of electrocution and wearing a robe (lightly wounded, lightly drained)
The sticky flame hits Pikel.
Pikel is lightly wounded.
Pikel is covered in liquid flames!
The adder hisses angrily.
Pikel burns!
Pikel hits you with a whip of electrocution!
* * * LOW HITPOINT WARNING * * *
You are electrocuted!
You die...

####+#### #.......#
#.......# ####.......#
#..........#
#..........#
#....##@###... #....##K#
#######....##p#
#..........##pp......
#..........##........
####.........###.....S.#
.................S..K...
.....................S##
#...............(....p..


You could see Pikel (burning), 3 slaves and an adder.

Vanquished Creatures
  A scorpion (D:6)
  A crimson imp (D:6)
  A hound (D:6)
  Crazy Yiuf (D:2)
  Jessica (D:3)
  A worker ant (D:5)
  Natasha (thrice) (D:2)
  4 adders (D:2)
  4 dart slugs
  2 worms
  3 leopard geckos
  7 bats
  7 giant cockroaches
  4 goblins
  5 hobgoblins
  2 quokkas (D:2)
  A ball python (D:2)
  5 frilled lizards
  3 kobolds (D:2)
  2 rats
58 creatures vanquished.

Notes
Turn   | Place    | Note
-------+----------+-------------------------------------------
     0 | D:1      | Dfrag the Naga Fire Elementalist began the quest for the Orb.
     0 | D:1      | Reached XP level 1. HP: 15/15 MP: 3/3
   149 | D:1      | Reached XP level 2. HP: 20/22 MP: 1/5
   280 | D:1      | Reached XP level 3. HP: 4/28 MP: 0/6
   285 | D:1      | Learned a level 3 spell: Conjure Flame
   810 | D:2      | Noticed Natasha
   813 | D:2      | Killed Natasha
   813 | D:2      | Reached XP level 4. HP: 33/36 MP: 5/8
   900 | D:2      | Noticed Natasha
   914 | D:2      | Killed Natasha
   918 | D:2      | Reached XP level 5. HP: 18/42 MP: 0/10
  1491 | D:2      | Noticed Natasha
  1494 | D:2      | Killed Natasha
  1587 | D:2      | Found a runed door.
  1857 | D:2      | Noticed Crazy Yiuf
  1864 | D:2      | Killed Crazy Yiuf
  2029 | D:3      | Noticed Jessica
  2031 | D:3      | Killed Jessica
  2031 | D:3      | Reached XP level 6. HP: 49/49 MP: 9/11
  2041 | D:3      | Learned a level 4 spell: Sticky Flame
  2047 | D:3      | You fall through a shaft for 3 floors!
  2120 | D:6      | Found a shimmering altar of Xom.
  2131 | D:5      | Entered Level 5 of the Dungeon
  2171 | D:5      | Noticed a slave
  2172 | D:5      | Noticed Pikel
  2172 | D:5      | Noticed a slave
  2178 | D:5      | Noticed a slave
  2180 | D:5      | Noticed a slave
  2182 | D:5      | Slain by Pikel

Vault maps used:
D:1:      mrwooster_arrival_arrow, minmay_misc_feat_ornament
D:2:      grunt_ministairs_14, minmay_split_cup_small, uniq_natasha,
          uniq_crazy_yiuf_cottage
D:3:      grunt_ministairs_8, uniq_grinder, uniq_jessica
D:5:      kennysheep_six_static_rooms, kennysheep_mini,
          minmay_temple_entry_glassed_door, first_bread, grunt_decor_resistance,
          minmay_curled_crystal, uniq_pikel, uniq_edmund
D:6:      kennysheep_mini_moat, hangedman_abyss_or_decor_passed

Skill      XL: |  1  2  3  4  5  6 |
---------------+-------------------+-----
Conjurations   | 2 3 |  3.7
Spellcasting   | 3 4 |  4.1
Fire Magic     | 4 |  4.7
Dodging        | |  1.5
Stealth        | |  3.0

Action                   |  1- 3 |  4- 6 || total
-------------------------+-------+-------++-------
Melee: Unarmed           |     8 |     2 ||    10
       Dagger            |       |    12 ||    12
 Cast: Flame Tongue      |    23 |    46 ||    69
       Sticky Flame      |       |     1 ||     1
 Abil: Spit Poison       |    23 |    23 ||    46
 Stab: Sleeping          |       |     1 ||     1
  Eat: Chunk             |       |     6 ||     6
Armor: Robe              |     6 |    12 ||    18
Dodge: Dodged            |    17 |    30 ||    47
